 Dungeon Crawl Stone Soup version 0.30-a0-782-ge64f9170bb (webtiles) character file.

Game seed: 12333114466252298620

126 DEFE the Cudgeller (level 4, -2/35 HPs)
             Began as a Demonspawn Wanderer on Feb 21, 2023.
             Was an Initiate of Okawaru.
             Slain by an ufetubus (4 damage)
             ... on level 4 of the Dungeon.
             The game lasted 00:02:01 (2191 turns).

DEFE the Cudgeller (Demonspawn Wanderer)            Turns: 2191, Time: 00:02:02

Health: -2/35      AC: 11    Str: 12    XL:     4   Next: 83%
Magic:  5/5        EV:  3    Int: 17    God:    Okawaru [......]
Gold:   271        SH:  0    Dex: 11    Spells: 5/5 levels left

rFire   . . .      SeeInvis .    s - +0 flail
rCold   . . .      Faith    .    (no shield)
rNeg    . . .      Spirit   .    n - +0 plate armour
rPois   .          Reflect  .    (no helmet)
rElec   .          Harm     .    (no cloak)
rCorr   .          Rampage  .    m - +0 pair of gloves
Will    .....                    (no boots) Stlth
                                 (no amulet)
HPRegen 0.25/turn                (no ring)
MPRegen 0.18/turn                (no ring)

@: no status effects
A: magic regeneration, weakness stinger 1
a: Renounce Religion


You were on level 4 of the Dungeon.
You worshipped Okawaru.
Okawaru was noncommittal.
You visited 1 branch of the dungeon, and saw 4 of its levels.

You collected 271 gold pieces.

Inventory:

Hand Weapons
 a - a +0 club
 e - a +0 mace
 s - a +0 flail (weapon)
Armour
 d - a +2 leather armour
 m - a +0 pair of gloves (worn)
 n - a +0 plate armour (worn)
Scrolls
 b - 2 scrolls of vulnerability
 c - a scroll of fear
 f - 2 scrolls of noise {unknown}
 h - 6 scrolls of teleportation {unknown}
 k - a scroll of fog {unknown}
 l - a scroll of silence {unknown}
 o - a scroll of enchant weapon {unknown}
 p - 5 scrolls of identify {unknown}
 t - a scroll of immolation {unknown}
Potions
 g - a potion of invisibility {unknown}
 i - 2 potions of degeneration {unknown}
 j - a potion of curing {unknown}
 q - a potion of brilliance {unknown}
 r - 2 potions of heal wounds {unknown}


   Skills:
 - Level 3.0 Fighting
 * Level 3.6 Maces & Flails
 + Level 1.4 Armour
 - Level 2.6 Dodging
 - Level 1.0 Spellcasting
 - Level 3.0 Poison Magic
 + Level 0.9 Invocations


You had 5 spell levels left.
You didn't know any spells.
Your spell library contained the following spells:

 Spells                   Type           Power      Damage    Failure   Level
 Foxfire                  Conj/Fire      0%         2x1d4     100%        1
 Kiss of Death            Conj/Necr      0%         2d5       100%        1
 Cigotuvi's Dreadful Rot  Necr/Pois/Air  8%         N/A       100%        2
 Poisonous Vapours        Pois/Air       10%        N/A       100%        2
 Confusing Touch          Hex            0%         N/A       100%        3
 Ozocubu's Armour         Ice            0%         N/A       100%        3
 Dispel Undead            Necr           0%         3d6       100%        4
 Fireball                 Conj/Fire      0%         3d3       100%        5
 Metabolic Englaciation   Hex/Ice        0%         N/A       100%        5
 Starburst                Conj/Fire      0%         6d3       100%        6
 Simulacrum               Ice/Necr       Unusable   N/A       N/A         6

Dungeon Overview and Level Annotations

Branches:
Dungeon (4/15)             Temple (0/1) D:4

Altars:
Okawaru

Annotations:
D:3 1 transporter, gyole's ghost, amateur OgWr


Innate Abilities, Weirdness & Mutations

You regenerate magic rapidly.
You have a small tail.


Message History

You take 3 damage, and have 15/35 hp.
Unknown command.
You barely miss the giant cockroach. You tail-slap the giant cockroach.
You kill the giant cockroach!
Okawaru accepts your kill. The ufetubus hits you.
The ufetubus hits you but does no damage. x2
The ufetubus hits you.
You take 3 damage, and have 12/35 hp.
Unknown command.
You hit the jelly.
Your hands burn!
The ufetubus hits you but does no damage. x2
The jelly hits you but does no damage.
The ufetubus hits you but does no damage.
The ufetubus hits you.
* * * LOW HITPOINT WARNING * * *
You take 4 damage, and have 8/35 hp.
Unknown command.
You hit the jelly.
Your hands burn!
* * * LOW HITPOINT WARNING * * *
The ufetubus hits you but does no damage.
The ufetubus barely misses you. The jelly hits you but does no damage.
The ufetubus hits you.
* * * LOW HITPOINT WARNING * * *
The ufetubus barely misses you. The jelly hits you but does no damage.
Unknown command.
You take 6 damage, and have 2/35 hp.
Unknown command.
You sock the jelly!
You kill the jelly!
Okawaru accepts your kill.
The ufetubus hits you but does no damage.
The ufetubus hits you.
* * * LOW HITPOINT WARNING * * *
The ufetubus hits you but does no damage.
The ufetubus completely misses you.
You take 1 damage, and have 1/35 hp.
Unknown command.
You hit the ufetubus. The ufetubus hits you.
You die...

....####..#######.#
#................#
#
....###.###########
#.##.####..###
............## .
.##..##...#..#.#
... #..#.#.....> .
#...5#..#...
#....#..@†##....
........>.......
#....##....#....
.....# .#....#...
..... ..#.#..# ..
.... ..#...##. . #.
... ... .# .... #..
#


You could see an ufetubus.

Vanquished Creatures
  A jelly (D:4)
  4 adders
  A worm (D:3)
  A dart slug (D:2)
  6 endoplasms
  4 giant cockroaches
  4 goblins
  5 hobgoblins
  6 kobolds
  2 quokkas
  8 ball pythons
  5 bats
  5 frilled lizards
  3 rats
55 creatures vanquished.

Notes
Turn   | Place    | Note
-------+----------+-------------------------------------------
     0 | D:1      | DEFE the Demonspawn Wanderer began the quest for the Orb.
     0 | D:1      | DEFE set off with the following items: a +0 club, a scroll
                  | of vulnerability, a scroll of fear, a +2 leather armour;
                  | and the following spells available to memorise: Poisonous
                  | Vapours, Cigotuvi's Dreadful Rot.
     0 | D:1      | Reached XP level 1. HP: 18/18 MP: 2/2
    71 | D:1      | Reached skill level 1 in Maces & Flails
   179 | D:1      | Gained mutation: You have a small tail. [demonic ancestry]
   179 | D:1      | Reached XP level 2. HP: 21/24 MP: 3/3
   540 | D:2      | Reached XP level 3. HP: 17/29 MP: 4/4
  1340 | D:3      | Gained mutation: You regenerate magic rapidly. [demonic
                  | ancestry]
  1340 | D:3      | Reached XP level 4. HP: 16/35 MP: 5/5
  1345 | D:3      | Reached skill level 1 in Armour
  1515 | D:3      | Found an iron altar of Okawaru.
  1528 | D:3      | Became a worshipper of Warmaster Okawaru
  1787 | D:3      | Found a transporter.
  2079 | D:3      | Noticed gyole's ghost (amateur OgWr)
  2079 | D:3      | Noticed an ogre
  2082 | D:3      | Identified the +6 dire flail of Fundamental Breach {spect,
                  | Str-4 Int+4}
  2082 | D:3      | Noticed an ogre
  2168 | D:4      | Found a staircase to the Ecumenical Temple.
  2190 | D:4      | HP: 1/35 [ufetubus (1)]
  2191 | D:4      | Slain by an ufetubus

Illustrated notes

Levels and vault maps discovered:
D:1:      spicycebolla_arrival_xxxplode, layout_basic
D:2:      layout_basic
D:3:      layout_loops_ring, lemuel_tele_altar, gammafunk_ghost_smash
D:4:      layout_basic, minmay_temple_entry_mini_moons

Skill      XL: |  1  2  3  4 |
---------------+-------------+-----
Maces & Flails | 1 2 3 |  3.6
Armour         | 1 |  1.4
Fighting       | |  3.0
Dodging        | |  2.6
Spellcasting   | |  1.0
Poison Magic   | |  3.0
Invocations    | |  0.9

Action                     |  1- 3 |  4- 6 || total
---------------------------+-------+-------++-------
  Melee: Mace              |   153 |     8 ||   161
         Punch             |     1 |       ||     1
         Tailslap          |     9 |     6 ||    15
         Flail             |       |    46 ||    46
 Armour: Leather armour    |    75 |       ||    75
         Plate armour      |    46 |    73 ||   119
  Dodge: Dodged            |   122 |    16 ||   138

Table legend: (Time is in decaauts)
 A = Elapsed time spent in this place.
 B = Non-inter-level travel time spent in this place.
 C = Inter-level travel time spent in this place.
 D = Time resting spent in this place.
 E = Time spent auto-exploring this place.
 F = Levels seen in this place.
 G = Mean time per level.
                   A        B        C        D        E       F      G
               +--------+--------+--------+--------+--------+-----+--------+
         Total |   2254 |   2200 |     54 |    190 |   1524 |   4 |  563.5 |
       Dungeon |   2254 |   2200 |     54 |    190 |   1524 |   4 |  563.5 |
               +--------+--------+--------+--------+--------+-----+--------+

Top non-repeatable levels by time:
     D:2: 873 daAuts
     D:3: 833 daAuts
     D:1: 504 daAuts
     D:4: 42 daAuts
